 Dungeon Crawl Stone Soup version 0.20.1-1-g8b1a95d (webtiles) character file.

492 arttle the Tainter (level 7, -4/43 HPs)
             Began as an Octopode Transmuter on Nov 3, 2017.
             Slain by an adder (5 damage)
             ... on level 4 of the Dungeon.
             The game lasted 00:18:30 (3379 turns).

arttle the Tainter (Octopode Transmuter)            Turns: 3379, Time: 00:18:30

Health: -4/43      AC:  2    Str:  8 (9)  XL:     7   Next: 14%
Magic:  3/12       EV: 20    Int: 15 (17) God:
Gold:   214        SH:  0    Dex: 22      Spells: 5/13 levels left

rFire    . . .     SeeInvis .     - Unarmed
rCold    + . .     Gourm    .   (shield currently unavailable)
rNeg     . . .     Faith    .   (helmet currently unavailable)
rPois    x         Spirit   .   (no amulet)
rElec    .         Reflect  .   k - +4 ring of dexterity
rCorr    .         Harm     .   n - ring of protection from cold
MR       .....                  (no ring)
Stlth    ++........             (no ring)
Regen    0.2/turn               (no ring)
MPRegen  0.2/turn               (no ring)
                                (no ring)
                                (no ring)

@: spider-form, very slightly contaminated
A: almost no armour, stealthy swim, (amphibious), 8 rings, (constrict 8), blink
a: End Transformation, Blink


You were on level 4 of the Dungeon.
You were not hungry.
You were a venomous arachnid creature.
You visited 1 branch of the dungeon, and saw 4 of its levels.

You collected 214 gold pieces.

Inventory:

Missiles
 a - 37 arrows
Jewellery
 k - a +4 ring of dexterity (left front leg)
 n - a ring of protection from cold (right front leg)
Scrolls
 f - a scroll of enchant armour {unknown}
 i - 2 scrolls of teleportation
Potions
 d - a potion of haste {unknown}
 l - a potion of flight
Books
 b - a book of Changes

   Spells                             Type                      Level
   a - Beastly Appendage              Transmutation                1
   b - Sticks to Snakes               Transmutation                2
   c - Spider Form                    Transmutation/Poison         3
   d - Ice Form                       Ice/Transmutation            4
   e - Blade Hands                    Transmutation                5
Comestibles
 c - 3 bread rations
 g - a meat ration
 h - 2 royal jellies
 j - 9 chunks of flesh


   Skills:
 - Level 1.0 Fighting
 - Level 2.0 Dodging
 - Level 4.2 Unarmed Combat
 + Level 3.9 Spellcasting
 - Level 8.5 Transmutations
 - Level 9.8 Poison Magic


You had 5 spell levels left.
You knew the following spells:

 Your Spells              Type           Power        Failure   Level  Hunger
a - Beastly Appendage     Tmut           ####..       3%          1    None
i - Ice Form              Ice/Tmut       ###.....     52%         4    ####...
s - Spider Form           Tmut/Pois      ####......   6%          3    ###....


Dungeon Overview and Level Annotations

Branches:
Dungeon (4/15)
 Temple: D:4-7

Altars:

Annotations:
D:4 Feta's ghost, amateur MfGl


Innate Abilities, Weirdness & Mutations

You cannot wear most types of armour.
You are very stealthy in the water. (Stealth+)
((You are amphibious.))
You can wear up to eight rings at the same time.
((You can use your tentacles to constrict eight enemies at once.))
((Your skin changes colour to match your surroundings (Stealth+).))
((Your rubbery body absorbs attacks. (AC +1, EV +1)))
You can translocate small distances at will.
((Your flesh is cold resistant. (rC+)))


Message History

You barely miss Feta's ghost.
Feta's ghost is moderately damaged.
Feta's ghost closely misses you.
You punch Feta's ghost! You freeze Feta's ghost.
Feta's ghost is heavily damaged.
The adder barely misses you. Feta's ghost hits you!
The adder closely misses you.
You closely miss Feta's ghost.
Feta's ghost is heavily damaged.
The adder bites you but does no damage. Feta's ghost hits you!
* * * LOW HITPOINT WARNING * * *
The adder bites you.
* * * LOW HITPOINT WARNING * * *
Some of the chunks of flesh in your inventory have rotted away.
Casting: Ice Form
Confirm with . or Enter, or press ? or * to list all spells.
You warm up again.
You turn into a venomous arachnid creature.
The adder bites you.
You die...

#..........#
#..........#
#..........#
#..........#
#.........# ##
#.........# #.
##........# #.
#...SW..## #####.
#....s..# ###...#.
##.....## ##.......
#......# ###........
##.....####..........
##......#...........
.....####.............
..##### #.......†.....
###.............
##...............


You could see Feta's ghost and an adder.

Vanquished Creatures
  The ghost of Ratty the Chopper, an amateur MiBe of Trog (D:3)
  A howler monkey (D:4)
  Crazy Yiuf (D:3)
  An orc priest (D:4)
  2 worker ants (D:4)
  4 adders
  An adder skeleton (D:4)
  3 worms
  A dart slug (D:1)
  2 leopard geckos
  10 orcs
  4 bats
  7 giant cockroaches
  11 goblins
  7 hobgoblins
  9 jackals
  10 kobolds
  A quokka (D:2)
  A ball python (D:1)
  2 frilled lizards
  5 rats
84 creatures vanquished.

Notes
Turn   | Place    | Note
-------+----------+-------------------------------------------
     0 | D:1      | arttle the Octopode Transmuter began the quest for the Orb.
     0 | D:1      | Reached XP level 1. HP: 13/13 MP: 3/3
    78 | D:1      | Reached XP level 2. HP: 18/18 MP: 3/5
   609 | D:1      | Reached XP level 3. HP: 23/23 MP: 3/6
   892 | D:1      | Learned a level 3 spell: Spider Form
   954 | D:2      | Found a faded altar of an unknown god.
   985 | D:2      | Reached skill level 1 in Poison Magic
  1319 | D:2      | Reached XP level 4. HP: 23/28 MP: 7/7
  1435 | D:2      | Reached skill level 9 in Poison Magic
  1435 | D:2      | Reached XP level 5. HP: 33/33 MP: 8/8
  1862 | D:3      | Learned a level 3 spell: Spider Form
  2105 | D:3      | Learned a level 4 spell: Ice Form
  2267 | D:3      | Noticed Ratty's ghost (amateur MiBe)
  2267 | D:3      | Gained mutation: You are dopey. (Int -2) [potion of mutation]
  2267 | D:3      | Gained mutation: Your flesh is cold resistant. (rC+) [potion of mutation]
  2267 | D:3      | Lost mutation: You are dopey. (Int -2) [potion of mutation]
  2267 | D:3      | Gained mutation: You can translocate small distances at will. [potion of mutation]
  2555 | D:3      | Killed Ratty's ghost
  2555 | D:3      | Reached XP level 6. HP: 25/38 MP: 4/10
  2849 | D:3      | Found a runed door.
  2854 | D:3      | Noticed Crazy Yiuf
  2864 | D:3      | Killed Crazy Yiuf
  3174 | D:4      | Reached XP level 7. HP: 24/43 MP: 9/12
  3363 | D:4      | Noticed Feta's ghost (amateur MfGl)
  3377 | D:4      | HP: 1/51 [adder (3)]
  3379 | D:4      | Slain by an adder

Skill      XL: |  1  2  3  4  5 |
---------------+----------------+-----
Unarmed Combat | 4 |  4.2
Poison Magic   | 1 9 |  9.8
Transmutations | 8 |  8.5
Spellcasting   | 3 |  3.9
Fighting       | |  1.0
Dodging        | |  2.0

Action                   |  1- 3 |  4- 6 |  7- 9 || total
-------------------------+-------+-------+-------++-------
Melee: Unarmed           |    81 |   116 |    22 ||   219
       Constrict         |    22 |     7 |       ||    29
       Kick              |    19 |     9 |       ||    28
       Tentacles         |     9 |     1 |       ||    10
       Punch             |     2 |       |       ||     2
 Cast: Beastly Appendage |    18 |     4 |       ||    22
       Spider Form       |       |    11 |     3 ||    14
       Ice Form          |       |     4 |     1 ||     5
  Use: Potion            |       |     8 |       ||     8
       Scroll            |       |     6 |       ||     6
 Stab: Sleeping          |     3 |     2 |       ||     5
  Eat: Chunk             |     2 |     6 |     1 ||     9
       Royal jelly       |       |     1 |       ||     1
Armor: Skin              |     3 |     8 |     1 ||    12
Dodge: Dodged            |    52 |    68 |    15 ||   135
